AoeStats
← el.peligroso

Yucatan

510375672Analyzed
2v2 RM · 1d ago on Sep 30, 2026· 22m 23s· 4 players
Game mode
Random Map
Map size
Medium (4 player)
Population
200
Speed
Normal
Resources
Standard
Victory
Conquest
Starting age
Dark Age
Ending age
Imperial Age
RankedLock teamsTeams togetherTeam positionsShared explorationLock speedFull tech treeHidden civsTurbo modeCheats
Victory
Defeat
🇪🇸 Wei · Spain
891
+13
🇪🇸 Japanese · Spain
890
+13
🇮🇹 Khmer · Italy
850
-14
🇨🇴 Spanish · Colombia
790
-12
TinselFan831357
4:18 Loom
10:02 Feudal Age
10:53 Double-Bit Axe
14:27 Bloodlines
19:12 Castle Age
19:30 Horse Collar
Gireb2611
4:22 Loom
10:56 Feudal Age
12:22 Wheelbarrow
16:17 Stone Mining
19:44 Gold Mining
19:42 Double-Bit Axe
19:39 Horse Collar
23:20 Castle Age
22:32 Forging
22:28 Scale Barding Armor
22:26 Scale Mail Armor
22:17 Fletching
22:40 Bloodlines
el.peligroso
0:54 Loom
11:14 Feudal Age
18:02 Castle Age
17:16 Bloodlines
18:18 Horse Collar
18:26 Double-Bit Axe
20:57 Scale Barding Armor
la.peligrosa
0:52 Loom
11:52 Feudal Age
19:16 Castle Age
18:46 Horse Collar
18:57 Double-Bit Axe
21:49 Heavy Plow
Connection lost

Rejoining the realm…

Still unreachable

The connection could not be restored.

Session expired

The server has moved on; the page needs a fresh start.